 Dungeon Crawl Stone Soup version 0.17-a0-1850-g688e747 (webtiles) character file.

115 mcbry74 the Shooter (level 5, 37/37 HPs)
             Began as a Human Wanderer on Sept 18, 2015.
             Quit the game on level 2 of the Dungeon.
             The game lasted 00:22:22 (2441 turns).

mcbry74 the Shooter (Human Wanderer)                Turns: 2441, Time: 00:22:22

Health: 37/37      AC:  4    Str: 14    XL:     5   Next: 20%
Magic:  7/7        EV: 11    Int: 12    God:
Gold:   71         SH:  0    Dex: 12    Spells: 1 memorised, 6 levels left

rFire  . . .     SeeInvis .     b - +0 shortbow
rCold  . . .     Clarity  .     q - +0 leather armour
rNeg   . . .     SustAt   .     (no shield)
rPois  .         Gourm    .     w - +0 helmet
rElec  .         Spirit   .     (no cloak)
rCorr  .         Warding  .     (no gloves)
rMut   .         Stasis   .     (no boots)
MR     .....                    (no amulet)
Stlth  +.........               (no ring)
                                (no ring)

@: not resistant to hostile enchantments, very unstealthy
A: no striking features
a: no special abilities


You were on level 2 of the Dungeon.
You were not hungry.

You visited 1 branch of the dungeon, and saw 2 of its levels.

You collected 71 gold pieces.

Inventory:

Hand weapons
 b - a +0 shortbow (weapon)
Missiles
 c - 7 arrows (quivered)
Armour
 e - a +0 robe
 q - a +0 leather armour (worn)
 w - a +0 helmet (worn)
Jewellery
 j - an uncursed ring of ice
Scrolls
 g - 2 scrolls of identify {unknown}
 h - 3 scrolls of remove curse {unknown}
 i - a scroll of noise {unknown}
 k - a scroll of amnesia {unknown}
 l - 2 scrolls of enchant armour {unknown}
 r - a scroll of fear {unknown}
 v - a scroll of enchant weapon {unknown}
 y - a scroll of immolation {unknown}
Potions
 n - a potion of might {unknown}
 o - a potion of curing {unknown}
 p - 2 potions of invisibility {unknown}
 x - a potion of heal wounds {unknown}
Books
 a - a book of Maledictions

   Spells                             Type                      Level
   a - Corona                         Hexes                        1
   b - Ensorcelled Hibernation        Hexes/Ice                    2
   c - Confuse                        Hexes                        3
   d - Tukima's Dance                 Hexes                        3
   e - Dazzling Spray                 Conjuration/Hexes            3
 d - the Guide on Transmutation

   Spells                             Type                      Level
   a - Beastly Appendage              Transmutation                1
   b - Spider Form                    Transmutation/Poison         3
Comestibles
 f - 2 bread rations
 m - a fruit
 s - a slice of pizza
 t - a chunk of flesh
 u - a meat ration


   Skills:
 + Level 1.3 Fighting
 + Level 3.4 Bows
 + Level 1.4 Armour
 + Level 0.8 Dodging
 + Level 1.2 Stealth
   Level 1.0 Shields
 * Level 1.5 Spellcasting
 + Level 2.4 Hexes
   Level 3.0 Transmutations


You had 6 spell levels left.
You knew the following spells:

 Your Spells              Type           Power        Failure   Level  Hunger
a - Corona                Hex            #......      14%         1    ##.....


Dungeon Overview and Level Annotations

Branches:
Dungeon (2/15)

Altars:


Message History

Press: ? - help, Shift-Dir - straight line, f/p - bat
Aim: a bat (softly glowing)
You shoot an arrow. The arrow closely misses the bat.
The bat closely misses you.
Firing (i - inventory):
c - 5 arrows (quivered)
Press: ? - help, Shift-Dir - straight line, f/p - bat
Aim: a bat (softly glowing)
You shoot an arrow. The arrow hits the bat.
You kill the bat!
c - 5 arrows (gained 1)
c - 6 arrows (gained 1)
You see here a bat corpse.
Magic restored.
c - 7 arrows (gained 1)
Found a stone staircase leading up. 2 bats come into view.
The bat hits you but does no damage. The bat hits you but does no damage.
The bat closely misses you.
Are you sure you want to abandon this character and quit the game? (Confirm with "yes".)

.# #.# ## #.# #.# #.#
#.# #.# #### #.# ###
#...
######.############.##
#.##
#............bb@...#<#
#.#
##.##.........######.##
#.# ..............# #.#
#.# ##.####.#.....# #.#
#.# #...........## #.#
#.# ######.######
###.#########.## ##'##
#......##.......
##...##
#.#.##.##.##.#.#
##.....##
##...##.##.#.###.


You could see 2 bats.

Vanquished Creatures
  Jessica (D:2)
  Terence (D:2)
  2 adders (D:2)
  An ooze (D:1)
  A worm (D:2)
  4 giant cockroaches
  3 goblins
  2 hobgoblins (D:1)
  5 jackals (D:2)
  A quokka (D:2)
  3 bats
  3 giant geckos
  4 giant newts (D:2)
  3 kobolds
  5 rats
39 creatures vanquished.

Notes
Turn   | Place    | Note
--------------------------------------------------------------
     0 | D:1      | mcbry74 the Human Wanderer began the quest for the Orb.
     0 | D:1      | mcbry74 set off with: a book of Maledictions, a +0 shortbow, 26 arrows, the Guide on Transmutation, a +0 robe, a bread ration
     0 | D:1      | Reached XP level 1. HP: 15/15 MP: 1/1
   724 | D:1      | Reached XP level 2. HP: 21/21 MP: 1/3
  1119 | D:2      | Reached skill level 1 in Spellcasting
  1120 | D:2      | Identified the Guide on Transmutation
  1122 | D:2      | Learned a level 1 spell: Corona
  1212 | D:2      | Reached XP level 3. HP: 26/26 MP: 2/4
  1423 | D:2      | Noticed Jessica
  1431 | D:2      | Killed Jessica
  1431 | D:2      | Reached XP level 4. HP: 28/32 MP: 3/6
  1654 | D:2      | Noticed Terence
  1669 | D:2      | Killed Terence
  1669 | D:2      | Reached skill level 1 in Armour
  1810 | D:2      | Reached XP level 5. HP: 27/37 MP: 7/7
  2441 | D:2      | Quit the game

Vault maps used:
D:1:      lightli_arrival_chessboard, minivault_26, patterned_corridor
D:2:      uniq_jessica, uniq_terence

Action                   |  1- 3 |  4- 6 || total
-------------------------+-------+-------++-------
Melee: Unarmed           |       |    36 ||    36
 Fire: Shortbow          |    87 |    51 ||   138
 Cast: Corona            |    10 |    15 ||    25
  Eat: Chunk             |     2 |     4 ||     6
